 Dungeon Crawl Stone Soup version 0.30.1-11-g7821555f0a (webtiles) character file.

Game seed: 16528216945513070788

291 H0rd4k the Trooper (level 6, -1/52 HPs)
             Began as a Human Artificer on Dec 21, 2023.
             Slain by Pikel
             ... wielding a +2 whip of flaming
              (9 damage)
             ... on level 4 of the Dungeon.
             The game lasted 00:04:18 (3023 turns).

H0rd4k the Trooper (Human Artificer)                Turns: 3023, Time: 00:04:18

Health: -1/52      AC:  5    Str: 18    XL:     6   Next: 59%
Magic:  6/6        EV: 11    Int: 14    God:
Gold:   204        SH:  0    Dex: 13    Spells: 5/5 levels left

rFire   . . .        x - +2 halberd (flame)
rCold   . . .        (shield currently unavailable)
rNeg    . . .        b - +0 leather armour
rPois   .            (no helmet)
rElec   .            (no cloak)
rCorr   .            (no gloves)
SInv    .            r - +1 pair of boots
Will    .....        (no amulet)
Stlth   +            n - +6 ring of strength
HPRegen 0.28/turn    m - ring of flight
MPRegen 0.10/turn

%: no passive effects
@: flying
A: no striking features
a: no special abilities


You were on level 4 of the Dungeon.
You visited 1 branch of the dungeon, and saw 4 of its levels.

You collected 204 gold pieces.

Inventory:

Hand Weapons
 a - a +0 club
 x - a +2 halberd of flaming (weapon)
Armour
 b - a +0 leather armour (worn)
 r - a +1 pair of boots (worn)
 y - a +2 robe of fire resistance
Jewellery
 m - a ring of flight (right hand)
 n - a +6 ring of strength (left hand)
 s - a ring of fire
 z - a +6 ring of intelligence
Wands
 c - a wand of flame (2) (quivered)
 d - a wand of charming (11)
 e - a wand of iceblast (2)
 w - a wand of light (8)
Scrolls
 g - a scroll of fog {unknown}
 h - 3 scrolls of enchant weapon {unknown}
 k - 2 scrolls of noise {unknown}
 l - 2 scrolls of silence {unknown}
 o - a scroll of torment {unknown}
 p - 6 scrolls of identify {unknown}
 q - 4 scrolls of teleportation {unknown}
 u - a scroll of butterflies {unknown}
 A - a scroll of vulnerability {unknown}
 B - a scroll of brand weapon {unknown}
Potions
 f - 2 potions of brilliance {unknown}
 i - 3 potions of curing
 j - 3 potions of flight {unknown}
 t - a potion of berserk rage {unknown}
 v - a potion of lignification {unknown}


   Skills:
 + Level 6.2 Fighting
 - Level 2.0 Armour
 - Level 1.0 Dodging
 - Level 1.0 Stealth
 - Level 3.0 Evocations


You had 5 spell levels left.
You didn't know any spells.
Your spell library contained the following spells:

 Spells                   Type           Power      Damage    Failure   Level
 Summon Small Mammal      Summ           0%         N/A       34%         1
 Call Canine Familiar     Summ           0%         N/A       71%         3
 Ozocubu's Armour         Ice            0%         N/A       71%         3
 Summon Guardian Golem    Hex/Summ       0%         N/A       71%         3
 Metabolic Englaciation   Hex/Ice        0%         N/A       100%        5
 Simulacrum               Ice/Necr       0%         N/A       100%        6


Dungeon Overview and Level Annotations

Branches:
Dungeon (4/15)
 Temple: D:4-7

Altars:
Dithmenos
Kikubaaqudgha
Okawaru
Qazlal

Annotations:
D:3 1 runed translucent door, Quickbrownfox's ghost, amateur DsCj
D:4 Pikel


Message History

Okay, then.
You barely miss Pikel.
Pikel is lightly wounded.
Pikel hits you with a +2 whip of flaming.
Pikel burns you.
Pikel hits you with a +2 whip of flaming.
Pikel burns you.
You hit Pikel. You burn Pikel.
Pikel is moderately wounded.
Pikel hits you with a +2 whip of flaming.
Pikel burns you.
You slash Pikel! You burn Pikel.
Pikel is heavily wounded.
Pikel hits you with a +2 whip of flaming.
Pikel burns you. Pikel closely misses you.
You hit Pikel but do no damage.
Pikel is heavily wounded.
Pikel misses you.
You puncture Pikel! You burn Pikel.
Pikel is severely wounded.
Pikel barely misses you. Pikel closely misses you.
You barely miss Pikel.
Pikel is severely wounded.
Pikel hits you with a +2 whip of flaming.
Pikel burns you.
You barely miss Pikel.
Pikel is severely wounded.
Pikel hits you with a +2 whip of flaming!
* * * LOW HITPOINT WARNING * * *
Pikel burns you.
* * * LOW HITPOINT WARNING * * *
Pikel barely misses you.
Aiming: Bolt of Light
Press: ? - help, Shift-Dir - straight line, f/p - Pikel
Aim: Pikel, wielding a +2 whip of flaming and wearing a +2 robe of cold resistance (severely wounded, 67% to hit)
The bolt of light hits Pikel!
Pikel is almost dead.
Pikel is blinded.
Pikel hits you with a +2 whip of flaming!
You die...

..#†#........#.###.##
..#.####.....#.###.#
.##.####..####..#..#
......##..# ##...##
....#.##..### ##.##
..###.##..#.. #_#
#.#.......#.##########
#.#.#.#.###.##.......####.#
#.#.#.#.........@K.........
#.#.#.#####.##.#####..####.
..#................ ..#
#####.#######..#### ..#
#..........# ..#
#########.## <.. ..†# ....
#. .J .... ### #.


You could see Pikel (blind).

Vanquished Creatures
  Blork the orc (D:4)
  A scorpion (D:3)
  An iguana (D:4)
  4 adders
  2 worms
  A dart slug (D:1)
  2 orcs (D:3)
  2 ball pythons (D:1)
  14 endoplasms
  A giant cockroach (D:3)
  2 hobgoblins
  5 jackals
  A kobold (D:1)
  6 bats
  2 frilled lizards
  5 goblins
  3 rats
53 creatures vanquished.

Vanquished Creatures (collateral kills)
  A jelly (D:4)
  An adder (D:4)
  A hobgoblin (D:4)
3 creatures vanquished.

Vanquished Creatures (others)
  A hound (D:3)
1 creature vanquished.

Grand Total: 57 creatures vanquished

Notes
Turn   | Place    | Note
-------+----------+-------------------------------------------
     0 | D:1      | H0rd4k the Human Artificer began the quest for the Orb.
     0 | D:1      | Reached XP level 1. HP: 15/15 MP: 1/1
   245 | D:1      | Reached XP level 2. HP: 9/22 MP: 2/2
   246 | D:1      | Reached skill level 2 in Fighting
   652 | D:1      | Reached XP level 3. HP: 23/28 MP: 3/3
  1208 | D:2      | Reached skill level 3 in Fighting
  1725 | D:3      | Noticed a scorpion
  1842 | D:3      | Found a runed translucent door.
  1842 | D:3      | Noticed Quickbrownfox's ghost (amateur DsCj)
  1890 | D:3      | Reached XP level 4. HP: 25/35 MP: 4/4
  2113 | D:3      | Killed a scorpion
  2114 | D:3      | Reached skill level 4 in Fighting
  2114 | D:3      | Reached XP level 5. HP: 43/43 MP: 5/5
  2324 | D:3      | Found a stormy altar of Qazlal.
  2540 | D:4      | Noticed Blork the orc
  2545 | D:4      | Killed Blork the orc
  2546 | D:4      | Reached skill level 5 in Fighting
  2546 | D:4      | Reached XP level 6. HP: 51/51 MP: 6/6
  2812 | D:4      | Found a faded altar of an unknown god.
  2812 | D:4      | Found an ancient bone altar of Kikubaaqudgha.
  2831 | D:4      | Found a shadowy altar of Dithmenos.
  2833 | D:4      | Found a faded altar of an unknown god.
  2835 | D:4      | Found an iron altar of Okawaru.
  2869 | D:4      | Reached skill level 6 in Fighting
  2986 | D:4      | Noticed Pikel
  3023 | D:4      | Slain by Pikel

Illustrated notes

Levels and vault maps discovered:
D:1:      elethiomel_arrival_infinity_welcomes_careful_drivers, layout_basic
D:2:      layout_basic
D:3:      layout_rooms, grunt_qazlal_clouds, hellmonk_ghost_happy_afterlife
D:4:      minmay_spotlight, layout_basic, chequers_temple_overflow_minitemple,
          minmay_hedge_maze, uniq_pikel, uniq_blork_the_orc

Skill      XL: |  1  2  3  4  5  6 |
---------------+-------------------+-----
Fighting       | 2 3 4 5 6 |  6.2
Armour         | |  2.0
Dodging        | |  1.0
Stealth        | |  1.0
Evocations     | |  3.0

Action                     |  1- 3 |  4- 6 || total
---------------------------+-------+-------++-------
  Melee: Club              |   147 |    67 ||   214
         Punch             |     4 |     1 ||     5
         Halberd           |       |    19 ||    19
  Evoke: Wand              |     2 |    19 ||    21
   Stab: Sleeping          |     4 |     2 ||     6
 Armour: Leather armour    |    58 |    27 ||    85
  Dodge: Dodged            |   108 |    84 ||   192
